 Dungeon Crawl Stone Soup version 0.21-a0-84-g85d6d27 (webtiles) character file.

166 terra52 the Caller (level 5, -8/38 HPs)
             Began as a Gnoll Summoner on June 30, 2017.
             Killed from afar by a guardian golem (22 damage)
             ... with an exploding inner flame
             ... summoned by the player character
             ... on level 3 of the Dungeon on July 1, 2017.
             The game lasted 00:09:14 (4152 turns).

terra52 the Caller (Gnoll Summoner)                 Turns: 4152, Time: 00:09:14

Health: -8/38      AC:  4    Str:  7    XL:     5   Next: 47%
Magic:  0/22       EV: 14    Int: 17    God:
Gold:   208        SH:  0    Dex: 14    Spells: 4/15 levels left

rFire    x . .     SeeInvis .   l - +0 spear
rCold    + . .     Gourm    .   (no shield)
rNeg     . . .     Faith    .   a - +0 robe
rPois    .         Spirit   +   (no helmet)
rElec    .         Reflect  .   f - +0 cloak
rCorr    .         Harm     .   w - +0 pair of gloves
MR       .....                  (no boots)
Stlth    ++........             u - amulet of guardian spirit
HPRegen  0.12/turn              i - ring of ice
MPRegen  0.18/turn              s - ring of magical power

@: very slightly contaminated
A: short attention span, fangs 1, strong nose
a: no special abilities


You were on level 3 of the Dungeon.
You were hungry.

You visited 1 branch of the dungeon, and saw 3 of its levels.

You collected 208 gold pieces.

Inventory:

Hand Weapons
 l - a +0 spear (weapon)
Missiles
 d - 15 arrows
Armour
 a - a +0 robe (worn)
 e - a +0 large shield
 f - a +0 cloak (worn)
 w - a +0 pair of gloves (worn)
Jewellery
 i - a ring of ice (left hand)
 s - a ring of magical power (right hand)
 u - an amulet of guardian spirit (around neck)
Scrolls
 g - 3 scrolls of teleportation {unknown}
 h - 2 scrolls of remove curse {unknown}
 r - 4 scrolls of identify {unknown}
 v - a scroll of fog {unknown}
Potions
 j - 2 potions of mutation {unknown}
 k - 3 potions of haste {unknown}
 m - a potion of curing {unknown}
 p - 3 potions of agility
 x - a potion of flight {unknown}
Books
 b - a book of Callings

   Spells                             Type                      Level
   a - Summon Small Mammal            Summoning                    1
   b - Call Imp                       Summoning                    2
   c - Call Canine Familiar           Summoning                    3
   d - Summon Guardian Golem          Hexes/Summoning              3
   e - Summon Lightning Spire         Summoning/Air                4
   f - Summon Ice Beast               Ice/Summoning                4
Comestibles
 c - 2 bread rations
 n - 2 meat rations
 o - a royal jelly
 q - 2 fruits
 t - 2 chunks of flesh


   Skills:
 + Level 1.9 Fighting
 + Level 1.6 Polearms
 + Level 4.3 Dodging
 + Level 3.8 Stealth
 + Level 0.9 Unarmed Combat
 + Level 5.5 Spellcasting
 + Level 0.4 Hexes
 + Level 7.2 Summonings
 * Level 0.9 Ice Magic


You had 4 spell levels left.
You knew the following spells:

 Your Spells              Type           Power        Failure   Level  Hunger
a - Summon Small Mammal   Summ           ####         1%          1    None
b - Call Canine Familiar  Summ           ####....     1%          3    ##.....
c - Summon Guardian Gole  Hex/Summ       ###.....     9%          3    ##.....
d - Summon Ice Beast      Ice/Summ       ####....     26%         4    ####...


Dungeon Overview and Level Annotations

Branches:
Dungeon (3/15)

Altars:
Cheibriados


Innate Abilities, Weirdness & Mutations

You have a short attention span.
You have very sharp teeth.
Your uncanny sense of smell can sniff out nearby items.


Message History

The orc hits your guardian golem with a flail.
The orc wizard points at you and mumbles some strange words.
The puff of flame hits you! The fire burns you terribly!
Your hound completely misses the worm.
The orc hits your guardian golem with a flail.
The worm barely misses your hound.
Your guardian golem overheats!
Attack whom?
Press: ? - help, Dir - move target cursor, f/p - orc wizard
Aim: an orc wizard, wielding a dagger and wearing a robe (moderately wounded)
You hit the orc wizard.
The orc wizard is moderately wounded.
Your hound bites the worm.
The orc hits your guardian golem with a flail.
The orc wizard barely misses you.
Your hound barely misses the worm.
The orc hits your guardian golem with a flail!
Your guardian golem explodes!
The fiery explosion engulfs you! The fire burns you terribly!
Ouch! That really hurt!
You die...

#..###'###.###'### .....#.
#..# #.# #.# #.# #..<#
#.#.### #..# #.###.###.#
#...# .#.#. #..#
#...'.'...# #...# ... ##
#..# #####.##### #...#...
##..# #.# #...... #
#...#######+#######w......#
#..............(§§oh##....#
..<........#####@oo.†.....#
#÷)######### #.######...#
##.# #.# # ##)# #.# #).#
#.# .).# #.# ...# #.# ...#
#.. ...#


You could see a worm, an orc wizard, 2 orcs and a friendly hound.

Vanquished Creatures
  2 adders (D:3)
  2 worms
  A leopard gecko (D:2)
  2 orcs (D:3)
  A ball python (D:1)
  2 bats
  2 hobgoblins
  3 jackals
  A quokka (D:3)
  A frilled lizard (D:2)
  6 goblins
  6 rats
29 creatures vanquished.

Vanquished Creatures (collateral kills)
  An orc warrior (D:3)
  5 adders
  A worm (D:3)
  A dart slug (D:1)
  3 orcs (D:3)
  A bat (D:1)
  3 giant cockroaches
  4 goblins
  4 hobgoblins (D:1)
  10 jackals (D:1)
  2 ball pythons (D:2)
  3 frilled lizards
  4 kobolds
  2 rats
44 creatures vanquished.

Vanquished Creatures (others)
  An orc wizard (D:3)
1 creature vanquished.

Grand Total: 74 creatures vanquished

Notes
Turn   | Place    | Note
-------+----------+-------------------------------------------
     0 | D:1      | terra52 the Gnoll Summoner began the quest for the Orb.
     0 | D:1      | Reached XP level 1. HP: 13/13 MP: 5/5
   292 | D:1      | Reached XP level 2. HP: 18/19 MP: 4/7
  1308 | D:1      | Reached XP level 3. HP: 24/24 MP: 5/8
  1357 | D:1      | Learned a level 3 spell: Call Canine Familiar
  1361 | D:1      | Learned a level 3 spell: Summon Guardian Golem
  2359 | D:2      | Found a snail-covered altar of Cheibriados.
  2604 | D:2      | Reached skill level 1 in Fighting
  2988 | D:2      | Reached XP level 4. HP: 16/32 MP: 10/10
  3524 | D:3      | Reached skill level 5 in Spellcasting
  3539 | D:3      | Learned a level 4 spell: Summon Ice Beast
  3772 | D:3      | Noticed an orc warrior
  3784 | D:3      | Killed an orc warrior
  3784 | D:3      | Reached skill level 1 in Polearms
  3784 | D:3      | Reached skill level 7 in Summonings
  3784 | D:3      | Reached XP level 5. HP: 38/38 MP: 12/12
  4152 | D:3      | Killed from afar by a guardian golem

Vault maps used:
D:1:      dpeg_arrival_erosion, hangedman_decor_slide_cut
D:2:      kb_forest_paths, lemuel_doored_altar, serial_forest,
          infiniplex_forest_diagonal, infiniplex_forest_clump_medium,
          infiniplex_forest_straight_3, infiniplex_forest_clump_large,
          infiniplex_forest_end_2, infiniplex_forest_3_way,
          infiniplex_forest_lined_3_way, infiniplex_forest_clump_diagonal,
          corexii_hall_statues_u
D:3:      cheibrodos_helix_gallery, zin_academy, first_bread, minmay_door_square

Skill      XL: |  1  2  3  4 |
---------------+-------------+-----
Spellcasting   | 4 5 |  5.5
Dodging        | 4 |  4.3
Fighting       | 1 |  1.9
Polearms       | 1 |  1.6
Summonings     | 7 |  7.2
Stealth        | |  3.8
Unarmed Combat | |  0.9
Hexes          | |  0.4
Ice Magic      | |  0.9

Action                   |  1- 3 |  4- 6 || total
-------------------------+-------+-------++-------
Melee: Unarmed           |    71 |       ||    71
       Bite              |     9 |    10 ||    19
       Spear             |    53 |    91 ||   144
 Cast: Summon Small Mamm |    35 |       ||    35
       Call Canine Famil |     6 |    12 ||    18
       Summon Guardian G |       |     4 ||     4
 Stab: Sleeping          |     2 |     1 ||     3
  Eat: Chunk             |     6 |     5 ||    11
Armor: Robe              |    48 |    13 ||    61
Dodge: Dodged            |   147 |    69 ||   216
